[Event "ICC tourney 1992 (90 10)"]
[Site "Internet Chess Club"]
[Date "2020.09.05"]
[Round "2"]
[White "ranu540"]
[Black "mnm1"]
[Result "0-1"]
[ICCResult "White checkmated"]
[WhiteElo "1268"]
[BlackElo "1094"]
[Opening "Sicilian"]
[ECO "B56"]
[NIC "SI.25"]
[Time "15:36:12"]
[TimeControl "5400+10"]

1. e4 c5 2. Nf3 d6 3. d4 cxd4 4. Nxd4 Nf6 5. Nc3 Nc6 6. Be3 Ng4 7. Nxc6 bxc6
8. Bd2 e5 9. h3 Nf6 10. Be2 Be7 11. O-O O-O 12. Re1 Be6 13. Bg5 h6 14. Bh4
Rb8 15. b3 Re8 16. Na4 Nxe4 17. Bf3 Bxh4 18. Bxe4 d5 19. Bd3 Qg5 20. g4 h5
21. Be2 Rb4 22. Nc5 Rd4 23. Nxe6 Rxe6 24. Qc1 Qh6 25. Qxh6 Rxh6 26. gxh5 Rf4
27. Rf1 Rhf6 28. f3 Rh6 29. Ba6 Rxh5 30. Bb7 Rg5+ 31. Kh2 Rf6 32. Rad1 Rfg6
33. Rd2 Bg3+ 34. Kh1 Bf4 35. Rdf2 Rg3 36. Rh2 Be3 37. Rhf2 Bxf2 38. Rxf2
Rxh3+ 39. Rh2 Rxf3 40. Rg2 Rxg2 41. Kxg2 Rc3 42. Kf2 Rxc2+ 43. Ke3 Rc3+ 44.
Kd2 d4 45. Ke2 e4 46. Kd2 e3+ 47. Ke2 Rc2+ 48. Kd3 Rxa2 49. Bxc6 e2 50. Kxd4
e1=Q 51. Kd5 Rd2+ 52. Kc5 Qc1+ 53. Kb5 Rb2 54. Kb4 Qxc6 55. Ka5 Qb6+ 56. Ka4
Ra2# {White checkmated} 0-1

[Event "ICC tourney 1992 (90 10)"]
[Site "Internet Chess Club"]
[Date "2020.09.05"]
[Round "2"]
[White "lucachesschess"]
[Black "srsmv"]
[Result "0-1"]
[ICCResult "White checkmated"]
[WhiteElo "1366"]
[BlackElo "1234"]
[Opening "QGD: classical variation (5.Bf4)"]
[ECO "D37"]
[NIC "QO.04"]
[Time "15:36:15"]
[TimeControl "5400+10"]

1. d4 d5 2. c4 e6 3. Nc3 Nf6 4. Nf3 Be7 5. Bf4 O-O 6. e3 Nbd7 7. Qc2 b6 8.
Be2 Bb7 9. O-O-O Rc8 10. h4 c5 11. h5 h6 12. g4 Ne4 13. Nxe4 dxe4 14. Nd2 b5
15. b3 cxd4 16. exd4 e3 17. Nf3 exf2 18. Be3 Nf6 19. g5 hxg5 20. Bxg5 Ba3+
21. Kb1 Be4 22. Qxe4 Nxe4 23. Bxd8 Nc3+ 24. Kc2 Nxd1 25. Ba5 Ne3+ 26. Kd3
Nf5 27. b4 Bb2 28. c5 e5 29. dxe5 f6 30. Rb1 Bxe5 31. Nxe5 fxe5 32. Bg4 e4+
33. Kc3 e3 34. Bxf5 Rxf5 35. Kd3 Re8 36. Ke2 Rg5 37. Kf1 Rg1+ 38. Ke2 Rxb1
39. Kd3 f1=Q+ 40. Kc3 Qc4# {White checkmated} 0-1

[Event "ICC tourney 1992 (90 10)"]
[Site "Internet Chess Club"]
[Date "2020.09.05"]
[Round "2"]
[White "sagsur"]
[Black "thihansa"]
[Result "0-1"]
[ICCResult "White checkmated"]
[WhiteElo "1209"]
[BlackElo "1144"]
[Opening "French: exchange variation"]
[ECO "C01"]
[NIC "FR.01"]
[Time "15:36:14"]
[TimeControl "5400+10"]

1. e4 e6 2. d4 d5 3. exd5 exd5 4. Bd3 Nf6 5. Nf3 Bg4 6. O-O Be7 7. Re1 O-O
8. b3 c6 9. Bb2 Re8 10. c4 Nbd7 11. Nc3 Nb6 12. h3 Bh5 13. Rc1 Rc8 14. Nb1
Bb4 15. Rxe8+ Qxe8 16. c5 Nbd7 17. a3 Ba5 18. b4 Bc7 19. Nbd2 Nf8 20. Qe1
Bg6 21. Bxg6 Nxg6 22. Ne5 Nxe5 23. dxe5 Nd7 24. Nf3 Qe7 25. Qc3 f6 26. exf6
Nxf6 27. Re1 Qf7 28. Ng5 Qd7 29. Ne6 Re8 30. Nxc7 Qxc7 31. Rxe8+ Nxe8 32.
Qe3 Qf7 33. f4 Kf8 34. Kf2 Qe7 35. Qxe7+ Kxe7 36. Be5 Nf6 37. Ke3 Ke6 38. g4
g6 39. Bxf6 Kxf6 40. h4 h5 41. Kf3 hxg4+ 42. Kxg4 d4 43. f5 d3 44. Kf3 Kxf5
45. Ke3 Kg4 46. Kxd3 Kxh4 47. Kd4 g5 48. Ke3 g4 49. Kf2 g3+ 50. Kg2 Kg4 51.
Kg1 Kf3 52. Kf1 g2+ 53. Kg1 Ke3 54. Kxg2 Kd3 55. Kf3 Kc3 56. Ke3 Kb3 57. Kd3
Kxa3 58. Kc3 Ka4 59. Kc4 a5 60. bxa5 Kxa5 61. Kc3 Kb5 62. Kd4 Kb4 63. Kd3
Kxc5 64. Kc3 b5 65. Kb3 Kd5 66. Kb4 Kd4 67. Kb3 c5 68. Kb2 c4 69. Kc2 b4 70.
Kb2 Kd3 71. Kb1 c3 72. Kc1 b3 73. Kb1 c2+ 74. Kc1 b2+ 75. Kxb2 Kd2 76. Kb3
c1=Q 77. Kb4 Qc2 78. Kb5 Qc3 79. Kb6 Qc4 80. Kb7 Qc5 81. Ka6 Qb4 82. Ka7 Kc3
83. Ka6 Kc4 84. Ka7 Kc5 85. Ka8 Kc6 86. Ka7 Qb7# {White checkmated} 0-1

[Event "ICC tourney 1992 (90 10)"]
[Site "Internet Chess Club"]
[Date "2020.09.05"]
[Round "2"]
[White "AdityaBang"]
[Black "ChessEric"]
[Result "0-1"]
[ICCResult "White checkmated"]
[WhiteElo "1307"]
[BlackElo "1489"]
[Opening "Giuoco Piano"]
[ECO "C50"]
[NIC "IG.02"]
[Time "15:38:18"]
[TimeControl "5400+10"]

1. e4 e5 2. Nf3 Nc6 3. Bc4 Bc5 4. O-O Nf6 5. d4 Nxd4 6. Nxe5 d5 7. exd5 Nxd5
8. c3 Qh4 9. cxd4 Bxd4 10. Nf3 Qh5 11. Qxd4 Be6 12. Nc3 O-O-O 13. Qxa7 Bg4
14. Bb5 c6 15. Nxd5 Rxd5 16. Qa8+ Kc7 17. Bf4+ Kb6 18. Qxh8 Bxf3 19. Qd8+
Rxd8 20. gxf3 Kxb5 21. Rfe1 Qxf3 22. Bc7 Rd5 23. Re3 Rd1+ 24. Rxd1 Qxd1+ 25.
Kg2 Qd5+ 26. Kf1 Qxa2 27. Re5+ c5 28. Bd6 b6 29. Re2 Qc4 30. Be5 f6 31. Bc3
Qf4 32. Re7 Qxh2 33. Rxg7 Qh6 34. Rg1 Kc6 35. Kg2 Qf4 36. Re1 Qf5 37. f3 h5
38. Re4 Qg5+ 39. Kh3 f5 40. Re6+ Kb5 41. Bf6 Qg6 42. Rd6 f4 43. Kh2 Qg3+ 44.
Kh1 h4 45. Bd8 h3 46. Rxb6+ Kc4 47. b3+ Kc3 48. Bf6+ Kc2 49. Rc6 Qg2#
{White checkmated}
0-1

[Event "ICC tourney 1992 (90 10)"]
[Site "Internet Chess Club"]
[Date "2020.09.05"]
[Round "2"]
[White "kween26"]
[Black "Florina12345"]
[Result "1-0"]
[ICCResult "Black resigns"]
[WhiteElo "1376"]
[BlackElo "1340"]
[Opening "Four knights: double Ruy Lopez"]
[ECO "C49"]
[NIC "KP.03"]
[Time "15:36:12"]
[TimeControl "5400+10"]

1. e4 e5 2. Nf3 Nc6 3. Nc3 Nf6 4. Bb5 Bb4 5. O-O d6 6. d3 h6 7. h3 a6 8. Bc4
Be6 9. Bb3 Qd7 10. Bxe6 fxe6 11. Be3 O-O-O 12. Qe2 Rdg8 13. Rfd1 g5 14. a3
Ba5 15. b4 Bb6 16. Bxb6 cxb6 17. d4 exd4 18. Nxd4 Nxd4 19. Rxd4 e5 20. Rd3
h5 21. Rad1 Ne8 22. Nd5 Qd8 23. Qe3 g4 24. Nxb6+ Kb8 25. Rc3 Nc7 26. Rcd3
Nb5 27. Nd5 h4 28. a4 Na7 29. Qb6 Qxb6 30. Nxb6 gxh3 31. Rxh3 Rg6 32. Nd5
Nc6 33. c3 Rhh6 34. Ne3 Kc7 35. Nf5 Rh8 36. Rxh4 Rxh4 37. Nxh4 Rg4 38. Nf5
Rxe4 39. Nxd6 Re2 40. f3 Rc2 41. Ne4 a5 42. b5 Ne7 43. g4 Ra2 44. Nc5 Ng6
45. Rd7+ Kc8 46. Rxb7 Ra3 47. Rb6 Nf4 48. Rc6+ Kb8 49. Nd7+ Kb7 50. Nc5+ Kb8
51. Nd7+ Kb7 52. Kh2 Ra2+ 53. Kg3 Rc2 54. Nxe5 Ne2+ 55. Kh4 Rxc3 56. g5 Ra3
57. Rc4 Ng1 58. g6 Nxf3+ 59. Nxf3 Rxf3 60. g7 Rf1 61. Rg4 Rh1+ 62. Kg5
{Black resigns}
1-0

[Event "ICC tourney 1992 (90 10)"]
[Site "Internet Chess Club"]
[Date "2020.09.05"]
[Round "2"]
[White "Chessman67a"]
[Black "Supersky"]
[Result "1/2-1/2"]
[ICCResult "Game drawn by repetition"]
[WhiteElo "1400"]
[BlackElo "1249"]
[Opening "Bird's opening"]
[ECO "A02"]
[NIC "VO.07"]
[Time "15:36:13"]
[TimeControl "5400+10"]

1. f4 c5 2. Nf3 g6 3. e3 Bg7 4. c3 Nf6 5. d4 cxd4 6. exd4 d5 7. Bd3 O-O 8.
O-O a6 9. Nbd2 b5 10. Ne5 Bb7 11. Nb3 Nbd7 12. Na5 Qxa5 13. g4 Qc7 14. a4
bxa4 15. Rxa4 Nxe5 16. fxe5 Ne4 17. Qe2 Qc6 18. Ra1 a5 19. Re1 f5 20. exf6
Bxf6 21. Bh6 Bg7 22. Bxg7 Kxg7 23. Bxe4 dxe4 24. c4 e6 25. Rad1 Ba6 26. Rc1
Rac8 27. b3 a4 28. bxa4 Bxc4 29. Qb2 Qd5 30. a5 Ra8 31. Qb4 Rfc8 32. Qe7+
Kg8 33. Qf6 Rf8 34. Qe5 Qxe5 35. dxe5 Bd3 36. Rc5 Rfc8 37. Rxc8+ Rxc8 38.
Kf2 Rc2+ 39. Ke3 Ra2 40. h4 Rxa5 41. Kf4 h6 42. Rc1 g5+ 43. hxg5 hxg5+ 44.
Kxg5 Rxe5+ 45. Kf6 Rd5 46. Rc8+ Kh7 47. Rc7+ Kh6 48. Rc1 Kh7 49. Rc7+ Kh8
50. Rc8+ Kh7 51. Rc7+ Kh6 52. Rc1 Kh7 53. Rc7+ {Game drawn by repetition}
1/2-1/2

[Event "ICC tourney 1992 (90 10)"]
[Site "Internet Chess Club"]
[Date "2020.09.05"]
[Round "2"]
[White "irisl"]
[Black "Abhinac123"]
[Result "1-0"]
[ICCResult "Black checkmated"]
[WhiteElo "1221"]
[BlackElo "1431"]
[Opening "Two knights defense"]
[ECO "C58"]
[NIC "KP.01"]
[Time "15:36:06"]
[TimeControl "5400+10"]

1. e4 e5 2. Nf3 Nc6 3. Bc4 Nf6 4. Ng5 d5 5. exd5 Na5 6. Bb5+ Bd7 7. Qe2 Bd6
8. O-O O-O 9. Bxd7 Qxd7 10. Nc3 Rfe8 11. a3 b6 12. b4 Nb7 13. Nge4 Be7 14.
Nxf6+ Bxf6 15. d3 e4 16. Bd2 Nd6 17. Rae1 Bxc3 18. Bxc3 Qf5 19. dxe4 Rxe4
20. Qd1 Rc4 21. Re3 h6 22. h3 Nb5 23. Be5 Qxc2 24. Rg3 Qxd1 25. Rxg7+ Kf8
26. Rxd1 Nxa3 27. Bf6 Rf4 28. Rh7 Rxf6 29. Rh8+ Ke7 30. Rxa8 Nb5 31. Re1+
Kd7 32. Ree8 c6 33. Rad8+ Kc7 34. Rc8+ Kb7 35. dxc6+ Rxc6 36. Rxc6 Kxc6 37.
Rh8 a5 38. Rxh6+ Nd6 39. bxa5 bxa5 40. Rh8 a4 41. Ra8 Kb5 42. h4 Kb4 43. h5
Nf5 44. g4 Nh6 45. g5 Nf5 46. h6 a3 47. h7 Kb3 48. h8=Q a2 49. Qb8+ Kc3 50.
Rxa2 Kc4 51. Rc2+ Kd5 52. Qd8+ Ke5 53. Re2+ Kf4 54. Qd2+ Kg4 55. Re4+ Kh5
56. Qd5 Nh4 57. Rxh4+ Kxh4 58. Qxf7 Kxg5 59. f4+ Kg4 60. Qf6 Kg3 61. Qf5 Kf3
62. Qh3+ Kxf4 63. Qg2 Ke3 64. Qg4 Kd2 65. Qf3 Kc1 66. Qe2 Kb1 67. Qd2 Ka1
68. Kf2 Kb1 69. Ke3 Ka1 70. Kd3 Kb1 71. Kc3 Ka1 72. Qb2# {Black checkmated}
1-0

[Event "ICC tourney 1992 (90 10)"]
[Site "Internet Chess Club"]
[Date "2020.09.06"]
[Round "3"]
[White "joeandjoe28"]
[Black "kween26"]
[Result "0-1"]
[ICCResult "White checkmated"]
[WhiteElo "1352"]
[BlackElo "1392"]
[Opening "Ruy Lopez: fianchetto (Smyslov/Barnes) defense"]
[ECO "C60"]
[NIC "RL.03"]
[Time "11:04:03"]
[TimeControl "5400+10"]

1. e4 e5 2. Nf3 Nc6 3. Bb5 g6 4. d4 exd4 5. Bxc6 dxc6 6. Qxd4 Qxd4 7. Nxd4
Bg7 8. Nf3 Ne7 9. Bf4 Bxb2 10. Be5 Bxa1 11. Bxa1 O-O 12. Bb2 Be6 13. Ba3
Rfe8 14. Nc3 f5 15. O-O fxe4 16. Nxe4 Nd5 17. c4 Bf5 18. Ng3 Nf6 19. Nxf5
gxf5 20. Bb2 Ne4 21. Be5 Rad8 22. Bxc7 Rd7 23. Bf4 Nc3 24. a3 Ne2+ 25. Kh1
Nxf4 26. Nh4 Rde7 27. Nxf5 Re1 28. Rg1 Rxg1+ 29. Kxg1 Re1# {White
checkmated} 0-1

[Event "ICC tourney 1992 (90 10)"]
[Site "Internet Chess Club"]
[Date "2020.09.06"]
[Round "3"]
[White "Kfprasanna"]
[Black "Yamato1945"]
[Result "0-1"]
[ICCResult "White checkmated"]
[WhiteElo "1376"]
[BlackElo "1432"]
[Opening "Caro-Kann: exchange variation"]
[ECO "B13"]
[NIC "CK.02"]
[Time "11:03:46"]
[TimeControl "5400+10"]

1. e4 c6 2. d4 d5 3. exd5 cxd5 4. Bb5+ Nc6 5. Nf3 Bg4 6. h3 Bh5 7. Bf4 e6 8.
Nbd2 a6 9. Bd3 Nxd4 10. g4 Nxf3+ 11. Nxf3 Bg6 12. Qe2 Nf6 13. Bg5 Be7 14.
Bf4 Bd6 15. Bxd6 Qxd6 16. Ne5 Bxd3 17. Nxd3 Ne4 18. O-O Rc8 19. c3 O-O 20.
Rfe1 f5 21. Qe3 fxg4 22. Rf1 gxh3 23. Qxh3 Rf6 24. Ne1 Rg6+ 25. Ng2 Rh6 26.
Qxh6 gxh6 27. f3 Ng5 28. f4 Ne4 29. Rad1 Rf8 30. Rfe1 Qc5+ 31. Rd4 Rf6 32.
Kh1 Nf2+ 33. Kg1 Nd3 34. Re2 Nxf4 35. Nxf4 Rxf4 36. Rg2+ Kf8 37. Rf2 Rxf2
38. Kxf2 e5 39. b4 Qb6 40. Kf3 exd4 41. cxd4 Qxd4 42. Ke2 Qc3 43. Kd1 Qb2
44. Ke1 Kf7 45. Kd1 Kf6 46. Ke1 Kf5 47. Kf1 Kf4 48. Kg1 Kg3 49. Kf1 Qf2#
{White checkmated}
0-1

[Event "ICC tourney 1992 (90 10)"]
[Site "Internet Chess Club"]
[Date "2020.09.06"]
[Round "3"]
[White "DavidNest"]
[Black "tanishqchess"]
[Result "0-1"]
[ICCResult "White checkmated"]
[WhiteElo "1091"]
[BlackElo "1005"]
[Opening "English opening: Agincourt variation"]
[ECO "A13"]
[NIC "QP.09"]
[Time "11:03:55"]
[TimeControl "5400+10"]

1. Nf3 d5 2. c4 e6 3. e3 Nf6 4. d4 Bb4+ 5. Bd2 Bxd2+ 6. Nbxd2 O-O 7. Be2 b6
8. O-O c5 9. dxc5 bxc5 10. Nb3 Qb6 11. cxd5 exd5 12. Qc2 Nbd7 13. a4 c4 14.
Nbd4 Rb8 15. Rab1 Nc5 16. a5 Qd6 17. Rbd1 Ba6 18. Nf5 Qc7 19. Ng5 Rfe8 20.
Bf3 Re5 21. Be2 Bc8 22. g4 Bxf5 23. gxf5 h6 24. Nf3 Re7 25. Rc1 Qxa5 26. Nd4
Rc7 27. Ra1 Qb6 28. Rfb1 Rcb7 29. Bf3 Nfe4 30. Bxe4 Nxe4 31. Qa4 Qd8 32. Nf3
Qf6 33. Nd4 Qg5+ 34. Kf1 Nd2+ 35. Ke2 Nxb1 36. Rxb1 Rxb2+ 37. Rxb2 Rxb2+ 38.
Kf3 Qh5+ 39. Kf4 Rxf2+ 40. Ke5 Qxh2+ 41. Kxd5 Qc7 42. Qe8+ Kh7 43. Ke4 c3
44. Ne6 Qc4+ 45. Ke5 Rxf5+ 46. Kxf5 Qxe6+ 47. Qxe6 fxe6+ 48. Kxe6 c2 49. Kd5
c1=Q 50. Ke4 a5 51. Kd4 a4 52. Ke4 a3 53. Kf4 a2 54. Ke4 a1=Q 55. Kf4 Qa4+
56. Kf3 Qf1+ 57. Kg3 Qd3 58. Kf3 Qa8+ 59. Kf4 Qae4+ 60. Kg3 Qdxe3+ 61. Kh2
Qc2+ 62. Kh1 Qec1# {White checkmated} 0-1

[Event "ICC tourney 1992 (90 10)"]
[Site "Internet Chess Club"]
[Date "2020.09.06"]
[Round "3"]
[White "SeannDSpeyer"]
[Black "kanishksinghus"]
[Result "1/2-1/2"]
[ICCResult "Game drawn by mutual agreement"]
[WhiteElo "1373"]
[BlackElo "1430"]
[Opening "Catalan: closed, 6...Nbd7"]
[ECO "E07"]
[NIC "QP.08"]
[Time "11:03:44"]
[TimeControl "5400+10"]

1. d4 d5 2. Nf3 Nf6 3. g3 e6 4. Bg2 Be7 5. O-O O-O 6. c4 Nbd7 7. Nc3 c6 8.
Qb3 dxc4 9. Qxc4 c5 10. Be3 cxd4 11. Bxd4 Nb6 12. Bxb6 Qxb6 13. Na4 Qa5 14.
Nc3 Bd7 15. Qb3 Bc6 16. Rad1 Rfd8 17. Nd4 Bxg2 18. Kxg2 Bc5 19. Qb5 Qxb5 20.
Ndxb5 Bb6 21. Nd6 Rd7 22. Nde4 Rad8 23. Nxf6+ gxf6 24. Rxd7 Rxd7 25. Rd1
Rxd1 26. Nxd1 Kg7 27. Nc3 Kg6 28. Kf3 Kf5 29. e4+ Ke5 30. Ke2
{Game drawn by mutual agreement}
1/2-1/2

[Event "ICC tourney 1992 (90 10)"]
[Site "Internet Chess Club"]
[Date "2020.09.06"]
[Round "3"]
[White "Jeffchess"]
[Black "oxdidi"]
[Result "1-0"]
[ICCResult "Black checkmated"]
[WhiteElo "1349"]
[BlackElo "1302"]
[Opening "Four knights: Spanish, classical defense"]
[ECO "C46"]
[NIC "KP.06"]
[Time "11:03:49"]
[TimeControl "5400+10"]

1. e4 e5 2. Nf3 Nc6 3. Nc3 Bc5 4. Bb5 Nf6 5. Bxc6 dxc6 6. Nxe5 Qd4 7. Nd3
Nxe4 8. Nxe4 Qxe4+ 9. Qe2 Qxe2+ 10. Kxe2 Bb6 11. Re1 O-O 12. Kf1 Bf5 13. a4
Rad8 14. a5 Bxd3+ 15. cxd3 Bc5 16. a6 b6 17. b4 Bxb4 18. Ba3 Bxa3 19. Rxa3
h6 20. Rc3 Rd6 21. Rc4 c5 22. Re7 Rc8 23. Rf4 f6 24. Rg4 g5 25. Rge4 Kf8 26.
Rh7 Kg8 27. Ree7 Rxd3 28. Rxc7 Re8 29. Rxa7 Rxd2 30. g3 Ree2 31. Rhe7 Rxf2+
32. Ke1 Kf8 33. Rf7+ Ke8 34. Rae7+ Kd8 35. a7 Ra2 36. Rd7+ Kc8 37. a8=Q+
Rxa8 38. Kxf2 Ra2+ 39. Kg1 Ra1+ 40. Kg2 Ra2+ 41. Kh3 h5 42. g4 Ra3+ 43. Kg2
Ra2+ 44. Kf3 Ra3+ 45. Ke4 Ra4+ 46. Kd5 Rd4+ 47. Kc6 Rxd7 48. Rxd7 hxg4 49.
Rf7 Kd8 50. Rxf6 Ke7 51. Rg6 Kf7 52. Rxg5 Kf6 53. Rxg4 Kf5 54. Rg3 c4 55.
Kxb6 Kf4 56. Rc3 Kg4 57. Kc5 Kh4 58. Kxc4 Kg4 59. Kd5 Kf4 60. Ke6 Kg4 61.
Kf6 Kf4 62. Kg6 Kg4 63. Kh6 Kh4 64. Rc4+ Kh3 65. Rc2 Kg4 66. Rg2+ Kh3 67.
Rg8 Kxh2 68. Kh5 Kh3 69. Rg6 Kh2 70. Rg4 Kh3 71. Kg5 Kh2 72. Kf4 Kh3 73. Kf3
Kh2 74. Rg5 Kh1 75. Kf2 Kh2 76. Rh5# {Black checkmated} 1-0

[Event "ICC tourney 1992 (90 10)"]
[Site "Internet Chess Club"]
[Date "2020.09.06"]
[Round "3"]
[White "MadiChesskid"]
[Black "ArmenSahakyan"]
[Result "0-1"]
[ICCResult "White resigns"]
[WhiteElo "1475"]
[BlackElo "1647"]
[Opening "King's Indian: 6.Be2"]
[ECO "E91"]
[NIC "KI.19"]
[Time "11:03:46"]
[TimeControl "5400+10"]

1. Nf3 Nf6 2. c4 d6 3. d4 g6 4. Nc3 Bg7 5. e4 O-O 6. Be2 Nc6 7. d5 Nb8 8.
O-O Bg4 9. Be3 Nbd7 10. Nd4 Bxe2 11. Qxe2 a5 12. f4 Nc5 13. e5 Nfe4 14. Nxe4
Nxe4 15. Nf3 c5 16. Bc1 f5 17. exf6 Nxf6 18. Ng5 Qd7 19. Re1 b5 20. b3 Nxd5
21. cxd5 Bxa1 22. Ne6 Rf6 23. Bd2 Bd4+ 24. Nxd4 cxd4 25. Qd3 Qf5 26. Qxb5
Rff8 27. Qb7 Rfe8 28. Rxe7 Rxe7 29. Qxa8+ Kg7 30. Qxa5 Re2 31. Qa7+ Kh6 32.
Qxd4 Qc2 33. f5+ Qxd2 34. Qh4+ Kg7 35. f6+ Kf8 36. Qh6+ Qxh6 {White resigns}
0-1

[Event "ICC tourney 1992 (90 10)"]
[Site "Internet Chess Club"]
[Date "2020.09.06"]
[Round "3"]
[White "rcstinson"]
[Black "mnm2"]
[Result "1-0"]
[ICCResult "Black checkmated"]
[WhiteElo "1492"]
[BlackElo "1219"]
[Opening "Queen's pawn game"]
[ECO "A45"]
[NIC "QP.07"]
[Time "11:04:36"]
[TimeControl "5400+10"]

1. d4 Nf6 2. e3 e6 3. Bd3 d5 4. Nd2 c5 5. c3 Nc6 6. f4 Be7 7. Ngf3 O-O 8.
O-O Ng4 9. Qe2 Bd7 10. Ne5 Ngxe5 11. fxe5 Qc7 12. Qh5 g6 13. Qh6 Rfe8 14.
Rxf7 Kxf7 15. Qxh7+ Kf8 16. Bxg6 b6 17. Qf7# {Black checkmated} 1-0

[Event "ICC tourney 1992 (90 10)"]
[Site "Internet Chess Club"]
[Date "2020.09.06"]
[Round "3"]
[White "mnm1"]
[Black "ama2024"]
[Result "0-1"]
[ICCResult "White checkmated"]
[WhiteElo "1092"]
[BlackElo "1519"]
[Opening "French: Tarrasch, closed variation"]
[ECO "C05"]
[NIC "FR.16"]
[Time "11:03:53"]
[TimeControl "5400+10"]

1. e4 e6 2. d4 d5 3. Nd2 Nf6 4. e5 Nfd7 5. Ngf3 c5 6. c3 Nc6 7. Nb1 Qb6 8.
Na3 cxd4 9. cxd4 Bb4+ 10. Ke2 O-O 11. Ke3 Ndxe5 12. Nxe5 Nxe5 13. Nc2 Bd6
14. Bd3 Bd7 15. h3 Rac8 16. Re1 Nxd3 17. Kxd3 Bb5+ 18. Ke3 e5 19. Kf3 e4+
20. Ke3 Bb8 21. Nb4 Qh6+ 22. f4 Qxf4# {White checkmated} 0-1

[Event "ICC tourney 1992 (90 10)"]
[Site "Internet Chess Club"]
[Date "2020.09.06"]
[Round "3"]
[White "thihansa"]
[Black "kkhanna"]
[Result "0-1"]
[ICCResult "White checkmated"]
[WhiteElo "1140"]
[BlackElo "1352"]
[Opening "Robatsch (modern) defense"]
[ECO "B07"]
[NIC "VO.17"]
[Time "11:04:36"]
[TimeControl "5400+10"]

1. e4 d6 2. d4 g6 3. Nc3 Bg7 4. g3 Nf6 5. Bg2 Nc6 6. Nge2 O-O 7. O-O e5 8.
dxe5 dxe5 9. h3 Be6 10. Be3 Qc8 11. Qc1 Bxh3 12. Bh6 Bxg2 13. Kxg2 Ng4 14.
Bxg7 Kxg7 15. Qg5 f6 16. Qc1 f5 17. f3 Nf6 18. Rd1 fxe4 19. Nxe4 Nxe4 20.
fxe4 Qg4 21. Qe3 Nb4 22. Rdc1 Rad8 23. a3 Nc6 24. Rf1 Nd4 25. Nxd4 exd4 26.
Qd3 c5 27. b4 c4 28. Qxc4 Qxe4+ 29. Kg1 Rc8 30. Qd3 Qxd3 31. cxd3 Rxf1+ 32.
Kxf1 Rc3 33. Ke2 Kf6 34. Kd2 Kg5 35. a4 Kg4 36. Rg1 Ra3 37. a5 Ra2+ 38. Kd1
Ra1+ 39. Ke2 Rxg1 40. Kd2 Rxg3 41. Ke2 Re3+ 42. Kd2 h5 43. b5 h4 44. b6 axb6
45. axb6 h3 46. Kc2 h2 47. Kd2 h1=Q 48. Kc2 Qg2+ 49. Kd1 Qf2 50. Kc1 Re1#
{White checkmated}
0-1

[Event "ICC tourney 1992 (90 10)"]
[Site "Internet Chess Club"]
[Date "2020.09.06"]
[Round "3"]
[White "Cougar2020"]
[Black "Cgchess"]
[Result "1-0"]
[ICCResult "Black checkmated"]
[WhiteElo "1219"]
[BlackElo "1313"]
[Opening "French: advance, Milner-Barry gambit"]
[ECO "C02"]
[NIC "FR.03"]
[Time "11:03:43"]
[TimeControl "5400+10"]

1. e4 e6 2. d4 d5 3. e5 c5 4. c3 Nc6 5. Nf3 Qb6 6. Bd3 Bd7 7. Bc2 Nge7 8. a3
Nf5 9. Bxf5 exf5 10. O-O O-O-O 11. b4 cxd4 12. cxd4 Ne7 13. Nc3 Kb8 14. Be3
Qc6 15. Qb3 Be6 16. Ng5 Ng6 17. Nxe6 fxe6 18. Rfc1 Qc4 19. Qa4 a6 20. Qa5
Be7 21. b5 f4 22. bxa6 fxe3 23. Nb5 exf2+ 24. Kxf2 Rhf8+ 25. Kg1 Qxc1+ 26.
Rxc1 Rd7 27. Rc7 Nf4 28. g3 Ne2+ 29. Kg2 Nxd4 30. Qb6 Rxc7 31. Qxc7+ Ka8 32.
Qxb7# {Black checkmated} 1-0

[Event "ICC tourney 1992 (90 10)"]
[Site "Internet Chess Club"]
[Date "2020.09.06"]
[Round "3"]
[White "JavierDix"]
[Black "AdityaBang"]
[Result "0-1"]
[ICCResult "White resigns"]
[WhiteElo "1392"]
[BlackElo "1329"]
[Opening "Queen's pawn game"]
[ECO "D02"]
[NIC "QP.08"]
[Time "11:04:10"]
[TimeControl "5400+10"]

1. d4 d5 2. Nf3 e6 3. Bf4 Nf6 4. e3 Be7 5. Bd3 Nbd7 6. Nbd2 c5 7. c3 c4 8.
Bc2 O-O 9. Ne5 Nxe5 10. dxe5 Nd7 11. Qf3 f6 12. Qh3 f5 13. g4 Nc5 14. Rg1
Rf7 15. gxf5 exf5 16. Nf3 Ne6 17. Bxf5 Rxf5 18. Qxf5 Ng5 19. Qc2 Nxf3+ 20.
Ke2 Nxg1+ 21. Rxg1 Bf8 22. Rg5 Be7 23. Rh5 Bg4+ 24. f3 Bxh5 25. Qf5 Bg6 26.
Qg4 Qb6 27. Kf2 Qxb2+ 28. Kg3 Qd2 29. h4 Qe1+ 30. Kh3 Qh1+ 31. Bh2 Rf8 32.
Qe6+ Kh8 33. f4 Bf5+ {White resigns} 0-1

[Event "ICC tourney 1992 (90 10)"]
[Site "Internet Chess Club"]
[Date "2020.09.06"]
[Round "3"]
[White "pusheen2019"]
[Black "DiamondUnicorn"]
[Result "1-0"]
[ICCResult "Black checkmated"]
[WhiteElo "1454"]
[BlackElo "502"]
[Opening "Giuoco Piano"]
[ECO "C50"]
[NIC "IG.02"]
[Time "11:03:50"]
[TimeControl "5400+10"]

1. e4 e5 2. Nf3 Nc6 3. Bc4 Bc5 4. O-O Nf6 5. d4 Bxd4 6. Nxd4 Nxd4 7. f4 Nc6
8. Bxf7+ Kxf7 9. fxe5 Nxe5 10. Qd5+ Ke8 11. Qxe5+ Qe7 12. Qxc7 Qxe4 13. Nd2
Qd4+ 14. Kh1 Nd5 15. Qg3 h5 16. Nb3 Qg4 17. Qe5+ Ne7 18. Bg5 Qe6 19. Qf4 Ng6
20. Qb4 Rf8 21. Rfe1 Ne5 22. Nd4 Qd5 23. Qe7# {Black checkmated} 1-0

[Event "ICC tourney 1992 (90 10)"]
[Site "Internet Chess Club"]
[Date "2020.09.06"]
[Round "3"]
[White "JonesGill"]
[Black "adma2028"]
[Result "1-0"]
[ICCResult "Black checkmated"]
[WhiteElo "1173"]
[BlackElo "1271"]
[Opening "two knights: Max Lange attack, Steinitz variation"]
[ECO "C55"]
[NIC "KP.02"]
[Time "11:03:44"]
[TimeControl "5400+10"]

1. e4 e5 2. Nf3 Nc6 3. d4 exd4 4. Bc4 Nf6 5. e5 Ng4 6. O-O Bc5 7. h3 Nh6 8.
Bxh6 gxh6 9. Nbd2 d5 10. exd6 Qxd6 11. Re1+ Ne7 12. Ne4 Qb6 13. Nxc5 Qxc5
14. Qe2 Rg8 15. Kh2 Qd6+ 16. Qe5 Qxe5+ 17. Nxe5 Rg7 18. Bb5+ Kf8 19. Rad1 a6
20. Rxd4 Be6 21. Nd7+ Kg8 22. Nf6+ Kh8 23. Bf1 Nc6 24. Rd2 Rg6 25. Nh5 Bxa2
26. b3 a5 27. Rd7 Rc8 28. Bd3 Rg5 29. Nf6 Ne5 30. Rxe5 Kg7 31. Rxg5+ hxg5
32. Nxh7 a4 33. Nxg5 axb3 34. Rxf7+ Kh6 35. f4 Rh8 36. Rxc7 b2 37. c3 b5 38.
Kg3 Kh5 39. Kf3 Bd5+ 40. Kf2 Ba2 41. g4+ Kh4 42. Kg2 b1=Q 43. Nf3#
{Black checkmated}
1-0

[Event "ICC tourney 1992 (90 10)"]
[Site "Internet Chess Club"]
[Date "2020.09.06"]
[Round "3"]
[White "Jesserocks135"]
[Black "NJLandshark"]
[Result "1-0"]
[ICCResult "Black resigns"]
[WhiteElo "1294"]
[BlackElo "1241"]
[Opening "QGD Slav defense: exchange variation"]
[ECO "D13"]
[NIC "SL.01"]
[Time "11:03:44"]
[TimeControl "5400+10"]

1. d4 d5 2. c4 c6 3. cxd5 cxd5 4. Nc3 Nf6 5. Bf4 Nc6 6. Nf3 e6 7. e3 a6 8.
Be2 Bd6 9. Bg5 Be7 10. Bf4 h6 11. O-O Bd6 12. Bg3 Nh5 13. Bh4 g5 14. Bg3
Nxg3 15. hxg3 f5 16. Qd2 b5 17. Rac1 Bb7 18. a3 Na5 19. Bd1 Nc4 20. Qc2 Bxg3
21. fxg3 Nxe3 22. Qe2 Nxf1 23. Qxe6+ Qe7 24. Qg6+ Qf7 25. Qxf7+ Kxf7 26.
Ne5+ Kf6 27. Kxf1 Rhd8 28. Bh5 Rh8 29. Re1 Rad8 30. Nf7 Rdf8 31. Nxh8 Rxh8
32. Re8 Rxe8 33. Bxe8 Ke7 34. Bh5 g4 35. Ke2 Bc6 36. Ke3 Kf6 37. Kf4 a5 38.
b4 axb4 39. axb4 Ke6 40. Bg6 {Black resigns} 1-0

[Event "ICC tourney 1992 (90 10)"]
[Site "Internet Chess Club"]
[Date "2020.09.06"]
[Round "3"]
[White "Florina12345"]
[Black "lucachesschess"]
[Result "0-1"]
[ICCResult "White resigns"]
[WhiteElo "1304"]
[BlackElo "1374"]
[Opening "Owen defense"]
[ECO "B00"]
[NIC "VO.01"]
[Time "11:03:52"]
[TimeControl "5400+10"]

1. e4 b6 2. d4 Bb7 3. Nc3 e6 4. Nf3 Bb4 5. Bd3 Nf6 6. Qe2 d5 7. e5 Ne4 8.
Bxe4 dxe4 9. Ng5 Qxd4 10. O-O Qxe5 11. Ncxe4 h6 12. f4 Bc5+ 13. Kh1 Qd5 14.
Rd1 Qc6 15. Nxc5 Qxc5 16. Nf3 Nc6 17. Be3 Qe7 18. Rd2 O-O 19. Rad1 Rad8 20.
Qf2 Nb4 21. c3 Nd5 22. c4 Nxe3 23. Qxe3 Rd6 24. Rxd6 cxd6 25. Qd3 d5 26.
cxd5 Bxd5 27. b3 Rc8 28. f5 Bxf3 29. Qxf3 Rd8 30. fxe6 Rxd1+ 31. Qxd1 Qxe6
32. h3 g6 33. Qd8+ Kg7 34. Qd4+ Qf6 35. Qd7 Qa1+ 36. Kh2 Qxa2 37. Qd4+ Kh7
38. Qd5 Qf2 39. Qd7 a5 40. Qa4 Qc5 41. Qf4 Kg7 42. Qg3 b5 43. h4 b4 44. Kh3
Qc3 45. Kg4 Qxg3+ 46. Kxg3 a4 47. bxa4 b3 48. a5 b2 49. a6 {White resigns}
0-1